 Dungeon Crawl Stone Soup version 0.28.0-43-g3370ac3207 (webtiles) character file.

Game seed: 531077585803044927

515 choreboyy the Slasher (level 7, -10/58 HPs)
             Began as a Barachi Fighter on Mar 11, 2022.
             Was a Follower of Vehumet.
             Mangled by a hornet (13 damage)
             ... while paralysed by a hornet
             ... on level 5 of the Dungeon.
             The game lasted 00:18:25 (4868 turns).

choreboyy the Slasher (Barachi Fighter)             Turns: 4868, Time: 00:18:26

Health: -10/58     AC:  6    Str: 20    XL:     7   Next: 20%
Magic:  7/7        EV:  2    Int:  8    God:    Vehumet [*.....]
Gold:   177        SH:  0    Dex: 11    Spells: 3/6 levels left

rFire   . . .      SeeInvis .   a - +0 long sword
rCold   . . .      Faith    .   (no shield)
rNeg    . . .      Spirit   .   b - +0 scale mail
rPois   .          Reflect  .   (no helmet)
rElec   .          Harm     .   (no cloak)
rCorr   .          Rampage  .   (no gloves)
Will    .....                   (no boots)
Stlth   ..........              (no amulet)
HPRegen 0.19/turn               (no ring)
MPRegen 0.10/turn               (no ring)

@: paralysed, slowed, slow
A: amphibious, slowness 1, strong legs 1, +LOS
a: Hop, Renounce Religion


You were on level 5 of the Dungeon.
You worshipped Vehumet.
Vehumet was aware of your devotion.
You visited 1 branch of the dungeon, and saw 5 of its levels.

You collected 177 gold pieces.

Inventory:

Hand Weapons
 a - a +0 long sword (weapon)
Armour
 b - a +0 scale mail (worn)
 c - a +0 buckler
Jewellery
 n - a ring of willpower
Wands
 o - a wand of paralysis (12)
Scrolls
 i - a scroll of identify
 j - a scroll of amnesia {unknown}
 k - a scroll of magic mapping {unknown}
 m - a scroll of holy word {unknown}
 p - a scroll of silence {unknown}
 q - a scroll of blinking {unknown}
Potions
 d - a potion of might
 e - a potion of magic {unknown}
 f - a potion of resistance {unknown}
 g - 2 potions of invisibility
 h - a potion of attraction {unknown}
 l - 3 potions of curing
 r - a potion of brilliance {unknown}


   Skills:
 - Level 6.0 Fighting
 + Level 6.2 Long Blades
 - Level 3.6 Armour
 + Level 2.6 Dodging
 - Level 3.2 Shields
 + Level 2.9 Ice Magic


You had 3 spell levels left.
You knew the following spells:

 Your Spells              Type           Power      Damage    Failure   Level
a - Freeze                Ice            16%        1d4       36%         1
b - Shock                 Conj/Air       0%         1d3       77%         1
c - Foxfire               Conj/Fire      0%         2x1d4     77%         1

Your spell library contained the following spells:

 Spells                   Type           Power      Damage    Failure   Level
 Swiftness                Air            0%         N/A       98%         3
 Airstrike                Air            0%         N/A       100%        4


Dungeon Overview and Level Annotations

Branches:
Dungeon (5/15)             Temple (0/1) D:4

Altars:
Kikubaaqudgha
Vehumet


Innate Abilities, Weirdness & Mutations

You are amphibious.
You cover ground slowly.
You can hop short distances.
You have an extended range of vision and can be seen from far away.


Message History

Vehumet accepts your kill.
Casting: Freeze (safe; 36% risk of failure)
Confirm with . or Enter, or press ? or * to list all spells.
Aiming: Freeze (safe; 36% risk of failure)
Press: ? - help, Shift-Dir - straight line, f - you
Okay, then.
Unknown command.
Unknown command.
Casting: Freeze (safe; 36% risk of failure)
Confirm with . or Enter, or press ? or * to list all spells.
Okay, then.
You open the door.
There is an open door here.
You open the door.
A scorpion, a hornet, a hound skeleton, a jelly and a scorpion zombie come into view.
The hornet buzzes angrily.
The jelly quivers.
You hear an angry hiss.
The hornet stings you.
You feel yourself slow down.
The hornet stings you but does no damage.
There is an open door here.
You slash the hornet!
The hornet is moderately wounded.
You feel yourself speed up. The hornet stings you!
You feel yourself slow down.
A water moccasin comes into view.
The hornet stings you but does no damage.
The scorpion stings you. The hornet stings you!
You feel as though you will be slow longer.
The scorpion misses you. The hornet stings you.
You suddenly lose the ability to move!
The hornet stings you!
* * * LOW HITPOINT WARNING * * *
You feel as though you will be slow longer.
The hornet stings you.
* * * LOW HITPOINT WARNING * * *
You feel as though you will be slow longer.
The hornet stings you but does no damage.
The hornet stings you!
You die...

#...#
#...#######
#.........#
#.........#
#.........#
#.........#
#.........#
#...###...#
#..@# #...#
#####y#####..+
#....s.J..#..#
#.8..8..8.#..#
#.........#..#
##+##'##+##..#
.#. #..# .. #J
#..# ### ..#
#.
#..########.#


You could see a hornet and a scorpion.

Vanquished Creatures
  A necrophage (D:4)
  An ogre (D:4)
  A scorpion (D:5)
  A hound (D:4)
  3 orc wizards (D:4)
  A hound zombie (D:5)
  3 gnolls
  6 adders
  A worm (D:2)
  2 dart slugs
  3 orcs (D:4)
  10 endoplasms
  3 giant cockroaches
  8 goblins
  5 hobgoblins
  2 quokkas
  8 ball pythons
  7 bats
  4 kobolds
  3 rats
73 creatures vanquished.

Notes
Turn   | Place    | Note
-------+----------+-------------------------------------------
     0 | D:1      | choreboyy the Barachi Fighter began the quest for the Orb.
     0 | D:1      | Reached XP level 1. HP: 18/18 MP: 1/1
   153 | D:1      | Reached XP level 2. HP: 17/25 MP: 2/2
   727 | D:1      | Found a faded altar of an unknown god.
   747 | D:1      | Prayed at the altar of an unknown god.
   747 | D:1      | Became a worshipper of Vehumet
   747 | D:1      | Reached * piety under Vehumet
   747 | D:1      | Offered knowledge of Freeze by Vehumet.
   778 | D:1      | Reached XP level 3. HP: 31/31 MP: 3/3
  2097 | D:3      | Reached XP level 4. HP: 37/38 MP: 4/4
  2149 | D:4      | Noticed a necrophage
  2165 | D:4      | Killed a necrophage
  2166 | D:4      | Reached skill level 5 in Fighting
  2166 | D:4      | Reached XP level 5. HP: 10/45 MP: 5/5
  2492 | D:4      | Reached skill level 5 in Long Blades
  2920 | D:3      | Learned a level 1 spell: Freeze
  2925 | D:3      | Learned a level 1 spell: Shock
  3654 | D:4      | Reached XP level 6. HP: 40/52 MP: 3/6
  3852 | D:4      | Reached skill level 1 in Ice Magic
  3880 | D:4      | Reached skill level 1 in Dodging
  4137 | D:4      | Found an ancient bone altar of Kikubaaqudgha.
  4313 | D:4      | Reached XP level 7. HP: 44/58 MP: 7/7
  4446 | D:4      | Found a staircase to the Ecumenical Temple.
  4597 | D:5      | Entered Level 5 of the Dungeon
  4735 | D:5      | Offered knowledge of Foxfire by Vehumet.
  4742 | D:5      | Learned a level 1 spell: Foxfire
  4861 | D:5      | Noticed a hornet
  4866 | D:5      | Paralysed by a hornet for 3 turns
  4868 | D:5      | Mangled by a hornet

Illustrated notes

Levels and vault maps discovered:
D:1:      onia_arrival_pyramid, layout_loops_corners,
          ebering_ecumenical_altar_sacrificial
D:2:      layout_basic, serial_bayou_pond_c
D:3:      layout_loops_ring
D:4:      layout_loops_ring, mainiacjoe_overflow_alcove_1,
          minmay_temple_entry_glassed_door
D:5:      minmay_chambers_of_threes, layout_gridville

Skill      XL: |  1  2  3  4  5  6 |
---------------+-------------------+-----
Fighting       | 4 5 6 |  6.0
Long Blades    | 3 4 5 6 |  6.2
Ice Magic      | 2 |  2.9
Dodging        | 2 |  2.6
Armour         | |  3.6
Shields        | |  3.2

Action                   |  1- 3 |  4- 6 |  7- 9 || total
-------------------------+-------+-------+-------++-------
Melee: Long sword        |   112 |   117 |    41 ||   270
       Punch             |       |     3 |     1 ||     4
 Cast: Freeze            |       |     2 |       ||     2
 Abil: Hop               |       |     1 |       ||     1
  Use: Scroll            |     1 |       |     1 ||     2
       Potion            |       |     1 |       ||     1
Armor: Scale mail        |    55 |    53 |    12 ||   120
Dodge: Dodged            |    53 |    63 |    24 ||   140
Block: Buckler           |    15 |     8 |       ||    23
